 Dungeon Crawl Stone Soup version 0.30-a0-830-gfe289a77b0 (webtiles) character file.

Game seed: 10360775565882554084

154 Nacht the Digger (level 5, -1/35 HPs)
             Began as a Demonspawn Earth Elementalist on Mar 1, 2023.
             Engulfed by a steam dragon's steam (14 damage)
             ... on level 6 of the Dungeon.
             The game lasted 00:02:00 (2174 turns).

Nacht the Digger (Demonspawn Earth Elementalist)    Turns: 2174, Time: 00:02:01

Health: -1/35      AC:  3    Str:  9    XL:     5   Next: 13%
Magic:  1/8        EV: 12    Int: 18    God:
Gold:   89         SH:  0    Dex: 13    Spells: 2/8 levels left

rFire   . . .      SeeInvis .    f - +2 dagger (venom)
rCold   . . .      Faith    .    (no shield)
rNeg    . . .      Spirit   .    a - +0 robe
rPois   .          Reflect  .    (no helmet)
rElec   .          Harm     .    (no cloak)
rCorr   .          Rampage  .    h - +0 pair of gloves
Will    .....                    (no boots)
Stlth   ++                       (no amulet)
HPRegen 0.25/turn                (no ring)
MPRegen 0.11/turn                (no ring)

@: mighty, very slightly contaminated
A: powered by pain 1, weakness stinger 1
a: no special abilities


You were on level 6 of the Dungeon.
You visited 1 branch of the dungeon, and saw 4 of its levels.

You collected 89 gold pieces.

Inventory:

Hand Weapons
 f - a +2 dagger of venom (weapon)
Armour
 a - a +0 robe (worn)
 h - a +0 pair of gloves (worn)
Jewellery
 d - a ring of poison resistance
Scrolls
 c - a scroll of identify {unknown}
 e - a scroll of poison {unknown}
 g - a scroll of vulnerability {unknown}
 k - 3 scrolls of teleportation {unknown}
 l - a scroll of noise {unknown}
Potions
 b - a potion of magic


   Skills:
 - Level 1.7 Dodging
 - Level 1.7 Stealth
 + Level 2.3 Spellcasting
 * Level 1.8 Conjurations
 - Level 0.8 Transmutations
 + Level 4.7 Earth Magic


You had 2 spell levels left.
You knew the following spells:

 Your Spells              Type           Power      Damage    Failure   Level
a - Sandblast             Erth           38%        2d10      2%          1
b - Stone Arrow           Conj/Erth      28%        3d8       14%         3
w - Passwall              Tmut/Erth      10%        N/A       9%          2

Your spell library contained the following spells:

 Spells                   Type           Power      Damage    Failure   Level
 Lesser Beckoning         Tloc           4%         N/A       26%         2
 Gell's Gravitas          Tloc           2%         N/A       45%         3
 Teleport Other           Tloc           2%         N/A       45%         3
 Petrify                  Tmut/Erth      12%        N/A       50%         4


Dungeon Overview and Level Annotations

Branches:
Dungeon (3/15)

Altars:


Innate Abilities, Weirdness & Mutations

You sometimes gain a little power by taking damage.
You have a small tail.


Message History

Casting: Sandblast (safe; 2% risk of failure)
Confirm with . or Enter, or press ? or * to list all spells.
Aiming: Sandblast (safe; 2% risk of failure)
Press: ? - help, Shift-Dir - straight line, f/p - steam dragon
Aim: a steam dragon (lightly wounded, 82% to hit)
The blast of sand hits the steam dragon!
The steam dragon is moderately wounded.
The steam dragon bites you but does no damage.
The steam dragon claws you but does no damage.
Casting: Sandblast (safe; 2% risk of failure)
Confirm with . or Enter, or press ? or * to list all spells.
Aiming: Sandblast (safe; 2% risk of failure)
Press: ? - help, Shift-Dir - straight line, f/p - steam dragon
Aim: a steam dragon (moderately wounded, 82% to hit)
The blast of sand hits the steam dragon!
The steam dragon is heavily wounded.
The steam dragon barely misses you.
The steam dragon claws you but does no damage.
The steam dragon closely misses you. The steam dragon barely misses you.
Casting: Sandblast (safe; 2% risk of failure)
Confirm with . or Enter, or press ? or * to list all spells.
Aiming: Sandblast (safe; 2% risk of failure)
Press: ? - help, Shift-Dir - straight line, f/p - steam dragon
Aim: a steam dragon (heavily wounded, 82% to hit)
The blast of sand hits the steam dragon.
The steam dragon is severely wounded.
The steam dragon breathes steam at you. The ball of steam hits you!
You focus on the pain.
You feel very mighty all of a sudden.
An orc comes into view. It is wielding a +0 flail.
You hear a shout! x2; You hear a bark!
You hear a shout!
Casting: Sandblast (safe; 2% risk of failure)
Confirm with . or Enter, or press ? or * to list all spells.
Aiming: Sandblast (safe; 2% risk of failure)
Press: ? - help, Shift-Dir - straight line, f/p - steam dragon
Aim: a steam dragon (severely wounded, catching its breath, 82% to hit)
The blast of sand hits the steam dragon.
The steam dragon is almost dead.
You are engulfed in a cloud of scalding steam.
You die...

### #.# #.. #.# #.. #.#
.. #.# ######.
########### #.#
.......##.........# #.#
o.....D@§§#######.###.##
##...###..# #....[.. ...
......# ##.##### .
...#..#.# #.# ###.######
#.# # #.# §# #.# ≈§ #.#
#..


You could see a steam dragon (catching breath) and an orc.

Vanquished Creatures
  An orc priest (D:3)
  Jessica (D:2)
  An orc wizard (D:3)
  A gnoll (D:1)
  An adder (D:3)
  A worm (D:2)
  A dart slug (D:2)
  4 orcs (D:3)
  3 bats
  An endoplasm (D:1)
  6 goblins
  A hobgoblin (D:1)
  8 kobolds
  A quokka (D:1)
  4 ball pythons
  6 frilled lizards
  10 rats
51 creatures vanquished.

Notes
Turn   | Place    | Note
-------+----------+-------------------------------------------
     0 | D:1      | Nacht the Demonspawn Earth Elementalist began the quest for
                  | the Orb.
     0 | D:1      | Reached XP level 1. HP: 13/13 MP: 3/3
    92 | D:1      | Reached skill level 3 in Earth Magic
    92 | D:1      | Gained mutation: You have a small tail. [demonic ancestry]
    92 | D:1      | Reached XP level 2. HP: 13/19 MP: 0/5
   596 | D:1      | Reached XP level 3. HP: 24/24 MP: 3/6
  1004 | D:2      | Reached skill level 4 in Earth Magic
  1322 | D:2      | Noticed Jessica
  1333 | D:2      | Killed Jessica
  1334 | D:2      | Reached XP level 4. HP: 30/30 MP: 5/7
  1337 | D:2      | Learned a level 2 spell: Passwall
  1341 | D:2      | Learned a level 3 spell: Stone Arrow
  1850 | D:3      | Reached skill level 1 in Conjurations
  1879 | D:3      | Gained mutation: You sometimes gain a little power by
                  | taking damage. [demonic ancestry]
  1879 | D:3      | Reached XP level 5. HP: 16/35 MP: 8/8
  2116 | D:3      | Found a faded altar of an unknown god.
  2149 | D:3      | You fall into a shaft and drop 3 floors!
  2166 | D:6      | Noticed a steam dragon
  2174 | D:6      | Engulfed by a steam dragon's steam

Illustrated notes

Levels and vault maps discovered:
D:1:      roderic_dead_forest, layout_loops_cross, st_stairs_10,
          amethyst_killhole
D:2:      layout_loops_ring, uniq_jessica
D:3:      layout_basic, hellmonk_ecumenical_altar_crossroads
D:6:      layout_loops_ring, minmay_temple_entry_poolview, portal_sewer_entry_b

Skill      XL: |  1  2  3  4 |
---------------+-------------+-----
Earth Magic    | 3 4 |  4.7
Conjurations   | 1 |  1.8
Dodging        | |  1.7
Stealth        | |  1.7
Spellcasting   | |  2.3
Transmutations | |  0.8

Action                     |  1- 3 |  4- 6 || total
---------------------------+-------+-------++-------
  Melee: Dagger            |       |    12 ||    12
         Tailslap          |       |     1 ||     1
   Cast: Sandblast         |    45 |    27 ||    72
    Use: Potion            |       |     4 ||     4
 Armour: Robe              |     2 |     6 ||     8
  Dodge: Dodged            |     4 |    15 ||    19

Table legend: (Time is in decaauts)
 A = Elapsed time spent in this place.
 B = Non-inter-level travel time spent in this place.
 C = Inter-level travel time spent in this place.
 D = Time resting spent in this place.
 E = Time spent auto-exploring this place.
 F = Levels seen in this place.
 G = Mean time per level.
                   A        B        C        D        E       F      G
               +--------+--------+--------+--------+--------+-----+--------+
         Total |   2208 |   2162 |     46 |      0 |   1847 |   4 |  552.0 |
       Dungeon |   2208 |   2162 |     46 |      0 |   1847 |   4 |  552.0 |
               +--------+--------+--------+--------+--------+-----+--------+

Top non-repeatable levels by time:
     D:1: 955 daAuts
     D:2: 900 daAuts
     D:3: 324 daAuts
     D:6: 27 daAuts
